Cogmind - Beta 14 @@@ ROGUE MODE // 2024.09.08 @ 21:57:20 Player: Gatamar Result: Destroyed by 6I-3KV(R) with Subdweller Machine Gun Performance ------------- Evolutions (0) 0 Regions Visited (3) 600 Robots Destroyed (23) 115 Value Destroyed (525) 525 Prototype IDs (0) 0 Alien Tech Used (0) 0 Bonus (-439) -439 TOTAL SCORE: 801 Bonus ------- Follower Combat Kills 25 Friendly Fire -464 Cogmind --------- Core Integrity 0/250 Matter 126/300 Energy 218/250 System Corruption 0% Temperature Cool (0) Movement Core (550) Ox10 Location -10/Subcaves Parts ------- > --- POWER (1) -------- Ion Engine > --- PROPULSION (2) --- (None) > --- UTILITY (2) ------ Large Storage Unit Structural Scanner > --- WEAPON (2) ------- Ion Cannon > --- INVENTORY (15) --- Light Ion Engine Light Nuclear Core Light Treads Light Treads Aluminum Leg Aluminum Leg Large Storage Unit Advanced Visual Processing Unit Improved Targeting Computer Reflective Plating Beam Cannon Light Assault Rifle Datajack Welding Torch Peak State ------------ > --- POWER ------------ Ion Engine > --- PROPULSION ------- Aluminum Leg Aluminum Leg > --- UTILITY ---------- Large Storage Unit Reflective Plating > --- WEAPON ----------- Assault Rifle Missile Launcher > --- INVENTORY -------- Light Ion Engine Light Ion Engine Light Treads Light Treads Aluminum Leg Aluminum Leg Large Storage Unit Structural Scanner Advanced Visual Processing Unit Improved Targeting Computer Beam Cannon Ion Cannon Light Assault Rifle Datajack Welding Torch [Rating: 13] Favorites ----------- Power Ion Engine Engine Ion Engine Propulsion Aluminum Leg Treads Light Treads Leg Aluminum Leg Utility Large Storage Unit Device Structural Scanner Storage Large Storage Unit Protection Medium Armor Plating Weapon Assault Rifle Energy Gun Small Laser Energy Cannon Beam Cannon Ballistic Gun Assault Rifle Launcher Missile Launcher Special Melee Weapon Datajack Build | -11 -10 -10 -10 ------- Run | Yrd Mat Min Sub Slots Evolved . | . . . . Power . | . . . . Propulsion . | . . . . Utility . | . . . . Weapon . | . . . . Parts Attached 24 | 6 9 7 2 Power 3 | 1 1 1 . Engine 3 | 1 1 1 . Core . | . . . . Reactor . | . . . . Propulsion 4 | 2 . 2 . Treads 2 | 2 . . . Leg 2 | . . 2 . Wheel . | . . . . Hover . | . . . . Flight . | . . . . Utility 8 | 1 5 2 . Device 3 | . 2 1 . Storage 2 | 1 1 . . Processor . | . . . . Hackware . | . . . . Protection 3 | . 2 1 . Artifact . | . . . . Weapon 9 | 2 3 2 2 Energy Gun 1 | 1 . . . Energy Cannon 4 | . 1 1 2 Ballistic Gun 2 | 1 1 . . Ballistic Cannon . | . . . . Launcher 1 | . . 1 . Special Weapon . | . . . . Impact Weapon . | . . . . Slashing Weapon . | . . . . Piercing Weapon . | . . . . Special Melee Weapon 1 | . 1 . . Unidentified Prototypes . | . . . . Parts Lost 8 | . 3 1 4 Power 1 | . 1 . . Propulsion 2 | . . . 2 Utility 1 | . . 1 . Weapon 4 | . 2 . 2 Highest Loss Streak 4 | . 3 1 4 To Critical Strikes . | . . . . Average Slot Usage (%) 95 | . 93 97 92 Engine 13 | . 13 14 14 Treads 10 | . 28 1 . Leg 16 | . . 26 22 Device 4 | . 5 2 14 Storage 14 | . 14 14 14 Protection 7 | . 7 9 . Energy Gun 2 | . 6 . . Energy Cannon 7 | . 5 8 1 Ballistic Gun 12 | . 10 14 12 Launcher 3 | . . 5 12 Peak Build Rating 13 | 6 9 13 11 Average Rating 8 | 4 7 10 10 On Entrance 6 | . 6 9 11 Naked Turns . | . . . . Heaviest Build 37 | 10 35 37 34 Greatest Support 40 | 40 40 40 20 Greatest Overweight (x) 4 | . 4 1 1 Average Overweight (x) . | . . . 1 Largest Inventory Capacity 15 | 8 15 15 15 Average Capacity 12 | 7 9 15 15 Most Carried 15 | 5 12 15 15 Average Carried 11 | 3 7 14 14 Final Capacity 15 | 8 15 15 15 Final Carried 15 | 4 12 15 14 Class Distribution -------------------- 100% | Mutant Dominant Class ---------------- Mutant | -10/Materials Mutant | -10/Mines Mutant | -10/Subcaves Resources | -11 -10 -10 -10 ----------- Run | Yrd Mat Min Sub Matter Collected 522 | 215 139 168 . Remotely . | . . . . Salvage Created 637 | . 316 321 . Parts 47 | . 25 22 . Haulers Intercepted . | . . . . Recyclers Shooed . | . . . . Parts Field Recycled . | . . . . Retrieved Matter . | . . . . Parts Self-Destructed 4 | . . . 4 Prevented . | . . . . Kills | -11 -10 -10 -10 ------- Run | Yrd Mat Min Sub Combat Hostiles Destroyed 17 | . 10 7 . Guns 7 | . 4 3 . Cannons 7 | . 3 4 . AOE 3 | . 3 . . Classes Destroyed 5 | . 4 1 . Worker 1 | . 1 . . Builder 1 | . . 1 . Watcher 1 | . 1 . . Swarmer 6 | . 3 3 . Grunt 14 | . 7 7 . Best Kill Streak 5 | . 5 3 . Combat Bots Only 4 | . 4 3 . Max Kills in Single Turn 4 | . 4 2 . Gunslinging . | . . . . Exploded 3 | . 3 . . Melee . | . . . . Uniques/NPCs Destroyed . | . . . . Combat | -11 -10 -10 -10 -------- Run | Yrd Mat Min Sub Hostile Shots Fired 123 | . 53 51 19 Missed 23 | . 10 10 3 Damage Taken 1435 | . 653 490 292 Core 268 | . 139 46 83 Absorbed by Shields . | . . . . Core Remaining (%) 100 | 100 . . . Volleys Fired 72 | . 30 31 11 Largest 2 | . 2 2 1 Hottest 80 | . 80 80 60 Shots Fired 106 | . 44 51 11 Gun 50 | . 27 20 3 Cannon 40 | . 17 19 4 Launcher 16 | . . 12 4 Special . | . . . . Kinetic 38 | . 15 20 3 Thermal 52 | . 29 19 4 Explosive 16 | . . 12 4 Electromagnetic . | . . . . Robot Hit Streak 9 | . 9 4 2 Robot Miss Streak 5 | . 4 5 4 Penetration Max . | . . . . Secondary Targets 2 | . 2 . . Max Gunslinging Chain 1 | . 1 . . Shots Hit Robots 53 | . 30 20 3 Core Hits 36 | . 17 15 4 Critical Kills . | . . . . Critical Parts Destroyed . | . . . . Critical Strikes . | . . . . Melee Attacks 2 | . 2 . . Impact . | . . . . Slashing . | . . . . Piercing . | . . . . Sneak Attacks 2 | . 2 . . Combat Hostiles . | . . . . Follow-up Attacks . | . . . . Damage Inflicted 1333 | . 660 550 123 Guns 309 | . 155 130 24 Cannons 424 | . 189 212 23 Explosions 600 | . 316 208 76 Melee . | . . . . Ramming . | . . . . Kinetic 211 | . 57 130 24 Thermal 522 | . 287 212 23 Explosive 600 | . 316 208 76 Electromagnetic . | . . . . Impact . | . . . . Slashing . | . . . . Piercing . | . . . . Highest Corruption . | . . . . Average Corruption . | . . . . Corruption Purged . | . . . . Corruption Blocked . | . . . . Overload Shots . | . . . . Overflow Damage 48 | . 33 15 . Projectiles 15 | . . 15 . Explosions 33 | . 33 . . Melee . | . . . . Knockbacks . | . . . . Impact . | . . . . Kinetic . | . . . . Secondary . | . . . . Self-Inflicted Damage 236 | . 169 67 . Shots 5 | . 2 3 . Rammed . | . . . . Targets Rammed . | . . . . Kicked . | . . . . Crushed . | . . . . Highest Temperature 303 | . 236 303 . Average Temperature 75 | . 65 83 . Received Heat Transfer 366 | . 198 123 45 Effects 1 | . . 1 . Energy Bleed 1 | . . 1 . Siege Activations . | . . . . Robots Corrupted . | . . . . Combat Hostiles . | . . . . Parts Fried . | . . . . Impact Corruptions . | . . . . Robots Melted . | . . . . Combat Hostiles . | . . . . Parts Melted 2 | . 1 1 . Heat Transferred 1113 | . 632 444 37 Parts Sabotaged . | . . . . Parts Stolen . | . . . . Parts Stripped . | . . . . Power Chain Reactions . | . . . . Alert | -11 -10 -10 -10 ------- Run | Yrd Mat Min Sub Peak Influence 203 | . 203 176 . Initial 1 | . . 1 . Average 45 | . 45 49 . Maximum Alert Level 1 | . 1 . . Low Security (%) 99 | 100 97 100 . Level 1 . | . 2 . . Level 2 . | . . . . Level 3 . | . . . . Level 4 . | . . . . Level 5 . | . . . . High Security . | . . . . Max Security . | . . . . Squads Dispatched 3 | . 2 1 . Investigation 3 | . 2 1 . Extermination . | . . . . Reinforcement . | . . . . Assault . | . . . . Garrison . | . . . . Intercept . | . . . . Searches Triggered . | . . . . Construction Impeded . | . . . . Haulers Reinforced . | . . . . Active Scanning Responses . | . . . . Cargo Convoy Interrupts . | . . . . Stealth | -11 -10 -10 -10 --------- Run | Yrd Mat Min Sub Distress Signals . | . . . . Communications Jammed . | . . . . Distress Signals . | . . . . Times Spotted 24 | . 14 7 3 Peak Tracking Total 4 | . 4 3 2 Tactical Retreats 1 | . 1 . . Traps | -11 -10 -10 -10 ------- Run | Yrd Mat Min Sub Traps Triggered . | . . . . Indirectly . | . . . . Trap Hack Attempts . | . . . . Triggered . | . . . . Disarmed 4 | . 4 . . Reprogrammed . | . . . . Reused . | . . . . Traps Extracted . | . . . . Installed . | . . . . Triggered 1 | . . 1 . Machines | -11 -10 -10 -10 ---------- Run | Yrd Mat Min Sub Machines Disabled 3 | . 2 1 . Max in Single Turn 2 | . 2 1 . Machines Repaired . | . . . . Machines Dismantled . | . . . . Machines Sabotaged . | . . . . Overloaded Fab Kills . | . . . . Hacking | -11 -10 -10 -10 --------- Run | Yrd Mat Min Sub Machines Accessed 5 | . 4 1 . Terminals 4 | . 4 . . Fabricators . | . . . . Repair Stations . | . . . . Recycling Units . | . . . . Scanalyzers . | . . . . Garrison Access . | . . . . Total Hacks 23 | . 22 1 . Successful 13 | . 12 1 . Failed 10 | . 10 . . Catastrophic 1 | . 1 . . Database Lockouts . | . . . . Manual . | . . . . Terminals 22 | . 22 . . Fabricators . | . . . . Repair Stations . | . . . . Recycling Units . | . . . . Scanalyzers . | . . . . Garrison Access . | . . . . Terminal Hacks 13 | . 12 1 . Record 3 | . 3 . . Open Door 1 | . . 1 . Alert Level 2 | . 2 . . Unreport Threat 1 | . 1 . . Locate Traps 2 | . 2 . . Disarm Traps 1 | . 1 . . Dispatch Records 1 | . 1 . . Reinforcement Status 1 | . 1 . . Hauler Manifests 1 | . 1 . . Fabricator Hacks . | . . . . Repair Station Hacks . | . . . . Recycling Unit Hacks . | . . . . Scanalyzer . | . . . . Garrison Access Hacks . | . . . . Unauthorized Hacks . | . . . . Terminals . | . . . . Fabricators . | . . . . Repair Stations . | . . . . Recycling Units . | . . . . Scanalyzers . | . . . . Garrison Access . | . . . . Data Cores Recovered . | . . . . Used . | . . . . Hacking Detections 4 | . 4 . . Full Trace Events 3 | . 3 . . Feedback Events . | . . . . Feedback Blocked . | . . . . Robot Schematics Acquired . | . . . . Robots Built . | . . . . Authchips . | . . . . Time . | . . . . Total Robot Build Rating . | . . . . Part Schematics Acquired . | . . . . Parts Built . | . . . . Authchips . | . . . . Time . | . . . . Total Part Build Rating . | . . . . Parts Repaired . | . . . . Time . | . . . . Parts Recycled . | . . . . Recycled Matter . | . . . . Retrieved Matter . | . . . . Retrieved Components . | . . . . Parts Scanalyzed . | . . . . Part Schematics Acquired . | . . . . Parts Damaged . | . . . . Bothacking | -11 -10 -10 -10 ------------ Run | Yrd Mat Min Sub Used RIF Installer . | . . . . Robots Hacked 1 | . 1 . . Non-combat 1 | . 1 . . Combat . | . . . . Robot Hacks Applied 1 | . 1 . . parse_system 1 | . 1 . . Relay Couplers Released . | . . . . Fabnet Peak Effective % . | . . . . Robots Rewired . | . . . . Allies Hacked . | . . . . Hacks Repelled . | . . . . Allies | -11 -10 -10 -10 -------- Run | Yrd Mat Min Sub Total Allies 5 | . . 5 . Largest Group 3 | . . 3 2 Highest-Rated Group 45 | . . 45 45 Highest-Rated Ally 31 | . . 31 31 Total Orders . | . . . . Ally Attacks 10 | . . . 10 Total Damage 170 | . . . 170 Kills 1 | . . . 1 Allies Corrupted . | . . . . Allies Melted . | . . . . Intel | -11 -10 -10 -10 ------- Run | Yrd Mat Min Sub Robot Analysis Total . | . . . . Derelict Logs Recovered 1 | . . 1 . Drone Launches . | . . . . Drone Recoveries . | . . . . Exploration | -11 -10 -10 -10 ------------- Run | Yrd Mat Min Sub Turns Passed 1961 | 116 666 1085 94 Spaces Moved 950 | 70 339 505 36 Core 18 | 10 8 . . Treads 397 | 60 331 6 . Legs 535 | . . 499 36 Wheels . | . . . . Hover . | . . . . Flight . | . . . . Fastest Speed 50 | 50 160 160 190 Average Speed 176 | 144 162 189 190 Slowest Speed 250 | 160 250 190 190 Overloaded Moves . | . . . . Propulsion Burnouts . | . . . . Robots Hopped . | . . . . Cave-ins Triggered . | . . . . Exploration Rate (%) 35 | 5 43 88 5 Regions Visited 3 Branch Regions 2 Pre-discovered Areas . | . . . . Known Exits Taken . | . . . . Unknown Exits Taken 3 | 1 1 1 . Scrap Searched 1 | . . 1 . Spaces Dug 125 | . . 125 . Terrain Destroyed 213 | . 29 145 39 Melee . | . . . . Projectile . | . . . . AOE 213 | . 29 145 39 Terrain Rammed . | . . . . Walls Destroyed . | . . . . Machines Disabled . | . . . . Actions | -11 -10 -10 -10 --------- Run | Yrd Mat Min Sub Total 1127 | 85 413 580 49 Wait 32 | . 14 18 . Move 947 | 69 338 504 36 Hop . | . . . . Pick Up 38 | 10 16 12 . Fast Attach . | . . . . Attach 12 | 6 4 1 1 Detach . | . . . . Swap 12 | . 5 6 1 Drop 12 | . 4 8 . Fire 72 | . 30 31 11 Melee 2 | . 2 . . Ram . | . . . . Kick . | . . . . Crush . | . . . . Escape Stasis . | . . . . Rewire . | . . . . Trap . | . . . . Miscellaneous . | . . . . Route ------- -11/Scrapyard -10/Materials (discovered 2 exits: [*Mat] / *Min) -10/Mines (discovered 2 exits: [*Mat] / [*Sub]) -10/Subcaves History --------- Turn | Location | Event 5 | -11/Scrapyard | Discovered new exit (range 15) 117 | -11/Scrapyard | Entered Materials 324 | -10/Materials | Build established: Mutant 449 | -10/Materials | Lost 3 parts (1p2w) 459 | -10/Materials | Core integrity fell below 50% 536 | -10/Materials | Discovered new exit (range 4) 560 | -10/Materials | Discovered new exit (range 14) 783 | -10/Materials | Entered Mines 871 | -10/Mines | Discovered new exit (range 13) 1182 | -10/Mines | Met a Derelict shopkeep closing up shop 1330 | -10/Mines | Assisted by bots powering up and referring to "LRC-V3" 1827 | -10/Mines | Discovered new exit (range 7) 1868 | -10/Mines | Entered Subcaves 1868 | -10/Subcaves | Accompanied by 2 allies 1873 | -10/Subcaves | Led the pair of lost Derelicts to an unsafe place 1941 | -10/Subcaves | Core integrity fell below 20% 1962 | -10/Subcaves | Destroyed by 6I-3KV(R) with Subdweller Machine Gun Last Messages --------------- 01915_ Spikes shoot up from the floor. 01915_ 6K-K0G(g) suffers critical hit (Impale). 01929_ 6K-K0G(g) suffers critical hit (Burn). 01930_ G-34 Mercenary destroyed. 01932_ 6I-3KV(R): "ARGHSUB!" 01933_ Subatomizers dissect the Heat Sink. 01933_ 6K-K0G(g) suffers critical hit (Burn). 01939_ Heat Sink fries itself beyond repair. 01942_ 6K-K0G(g) destroyed. 01944_ Subatomizers dissect the Aluminum Leg. 01946_ The unstable cave ceiling collapses. 01947_ Ion Engine fries itself beyond repair. 01947_ Aluminum Leg destroyed. 01948_ Aluminum Leg fries itself beyond repair. 01949_ Aluminum Leg destroyed. 01952_ The unstable cave ceiling collapses. 01952_ Assault Rifle destroyed. 01956_ The unstable cave ceiling collapses. 01958_ Missile Launcher destroyed. Map ----- +----------------------------------------------------+ | ??????????### ??????????? ## ##????????????? | | ??????????## ##???######### ##??????????????? | | ??????? ### ############# ##??????????????? | | ???## ? ##### ###### #### ###??????????????? | | ???## # # ### ##???????????????? | | ???## ###???????????????? | | ???## ###???????????????? | | ???###???? ### # ##???????????????? | | ??????????##### ###???????????????? | | ???????????### ## ## ##???????????????? | | ???????????## #### ## #####?????????????? | | ???????????### ###### #####????????????? | | ???????????################# ###????????????? | | ????????????#####???######## ^ ##????????????? | | ?????????????????????????### ##????????????? | | ?????????????????????????### ##????????????? | | ????????????????????????### ###????????????? | | ???????????????????????#### ###????????????? | | ??????????????????????#### ###????????????? | | ??????????????????????### ^^##????????????? | | ??????????????????????## ^ #####????????????? | | ??????????????????????### ######????????????? | | ??????????????????????### ####???????????????? | | ??????????????????????## ###????????????????? | | ??????????????????????###R ###?????????????????? | | ??????????????????????## @%# #?????????????????? | | ?????????????????????### ##?????????????????? | | ????????????????????### ##???????????????? | | ???????????????????### ##???????????????? | | ?????????????????? ## # g ##???????????????? | | ??????????????????## ##???????????????? | | ??????????????????## # ##??????????????? | | ?????????????????? # # ##??????????????? | | ?????????????????? ###??????????????? | | ??????????????????"""" # % ##??????????????? | | ????????????????? #### ????????????????? | | ??????????????????? ### ???????????????? | | ??????????????????????? # # ???????????????? | | ?????????????????????? ##### ? ??????????????? | | ?????????????????????? ###### ????????????????? | | ??????????????????????###??????????????????????? | | ???????????????????????????????????????????????? | | ???????????????????????????????????????????????? | | ???????????????????????????????????????????????? | | ???????????????????????????????????????????????? | | ???????????????????????????????????????????????? | | ???????????????????????????????????????????????? | | ???????????????????????????????????????????????? | | ???????????????????????????????????????????????? | | ???????????????????????????????????????????????? | +----------------------------------------------------+ Best States ------------- Heat Dissipation 25 Energy Generation 10 Energy Capacity 250 Matter Stores 300 Matter Capacity 300 Sight Range 16 Terrain Scan Density 10 ECM Strength 1 Armor Coverage 225 Resistance: TH 10 Evasion (%) 40 Recoil Reduction 2 Item Schematics ----------------- None Robot Schematics ------------------ None Fabricated ------------ Nothing Alien Tech Used ----------------- None Achievements -------------- None Challenges ------------ None Game ------ Seed HellfireHybridLog Manual? 0 Play Time 00:16:43 Cumulative 6.7 hours Start 2024.09.08 @ 21:40:51 End 2024.09.08 @ 21:57:20 Sessions 1 Manual Loads 0 Difficulty Rogue Special Mode None Game No. 20 Rogue 20 Adventurer 0 Explorer 0 Win Type - Total 0 Types 0/0/0/0/0/0/0/0/0 Lore% 5 Gallery% 10 Achievement% 11 Wizard Run 0 Options --------- Layout 1 ASCII 0 Keyboard 0 Movement Numpad Keybinds 0 Fullscreen 1 Font 32/SmallcapsGlow Map View 50x35 Zoom Use 0% Tactical HUD 1 Map Filters NONE Filters NONE Steam 1 RUN: 7c7e3ab5-c636-42dd-85b4-ade059b6152b